 Dungeon Crawl Stone Soup version 0.32-a0-131-g9dbbe29261 (webtiles) character file.

Game seed: 15725471413599634954

35 Bravepunisher the Ducker (level 3, -4/19 HPs)
             Began as a Spriggan Monk on Feb 8, 2024.
             Slain by an orc
             ... wielding a +0 hand axe
              (6 damage)
             ... on level 6 of the Dungeon.
             The game lasted 00:04:55 (904 turns).

Bravepunisher the Ducker (Spriggan Monk)             Turns: 904, Time: 00:04:55

Health: -4/19      AC:  2    Str:  7    XL:     3   Next: 17%
Magic:  4/4        EV: 20    Int: 11    God:
Gold:   813        SH:  0    Dex: 19    Spells: 2/2 levels left

rFire   . . .        a - +0 short sword
rCold   . . .        (no shield)
rNeg    . . .        b - +0 robe
rPois   .            (helmet restricted)
rElec   .            (no cloak)
rCorr   .            (gloves unavailable)
SInv    +            (boots unavailable)
Will    .....        (no amulet)
Stlth   ++           (no ring)
HPRegen 0.23/turn    (no ring)
MPRegen 0.09/turn

%: no passive effects
@: very quick
A: very small, no large weapons, unfitting armour, see invisible, speed 3
a: no special abilities


You were on level 6 of the Dungeon.
You visited 1 branch of the dungeon, and saw 7 of its levels.

You collected 813 gold pieces.

Inventory:

Hand Weapons
 a - a +0 short sword (weapon)
Armour
 b - a +0 robe (worn)
Potions
 c - a potion of ambrosia


   Skills:
 + Level 2.8 Fighting
 - Level 3.2 Short Blades
 * Level 5.2 Dodging


You had 2 spell levels left.
You didn't know any spells.
Your spell library contained the following spells:

 Spells                   Type           Power      Damage    Failure   Level
 Apportation              Tloc           0%         N/A       34%         1
 Kiss of Death            Conj/Necr      0%         2d5       34%         1
 Jinxbite                 Hex            0%         N/A       47%         2
 Static Discharge         Conj/Air       0%         3-3/arc   47%         2
 Sublimation of Blood     Necr           0%         N/A       47%         2
 Confusing Touch          Hex            0%         N/A       71%         3
 Airstrike                Air            0%         2d(0-16)  98%         4
 Dispel Undead            Necr           0%         3d6       98%         4
 Petrify                  Alch/Erth      0%         N/A       98%         4
 Summon Lightning Spire   Summ/Air       0%         N/A       98%         4
 Alistair's Intoxication  Alch           0%         N/A       100%        5
 Irradiate                Conj/Alch      0%         3d11      100%        5


Dungeon Overview and Level Annotations

Branches:
Dungeon (7/15)
 Temple: D:4-7

Altars:
Ashenzari
Nemelex Xobeh
Ru
Trog
Uskayaw

Shops:
D:2 (

Annotations:
D:5 Prince Ribbit


Innate Abilities, Weirdness & Mutations

You are very small and have problems with some larger weapons.
You are too small for most types of armour.
You have supernaturally acute eyesight. (SInv)
You cover ground extremely quickly. (Speed+++)


Message History

You climb downwards.
There is a stone staircase leading up here.
An orc comes into view. It is wielding a +0 flail.
The orc shouts!
You hear a shout! x2; You hear an angry hiss.
An orc priest comes into view. It is wielding a +0 club.
Found a scroll labelled VABLISEAHO.
The orc priest shouts!
You hear a shout! x2
You closely miss the orc. The orc barely misses you.
An orc comes into view. It is wielding a +0 falchion.
Okay, then.
You aren't carrying any scrolls.
Unknown command.
You hit the orc.
The orc is heavily wounded.
The orc hits you with a +0 flail.
An orc comes into view. It is wielding a +0 hand axe.
Unknown command.
You hit the orc but do no damage.
The orc is heavily wounded.
The orc barely misses you.
You barely miss the orc.
The orc is heavily wounded.
The orc closely misses you.
You hit the orc.
The orc is almost dead.
The orc hits you but does no damage.
You hit the orc.
You kill the orc!
Okay, then.
You hit the orc.
You kill the orc!
The orc priest mumbles some strange prayers to Beogh against you.
Beogh smites you!
Ouch! That really hurt!
* * * LOW HITPOINT WARNING * * *
Unknown command.
You hit the orc.
The orc is lightly wounded.
The orc hits you with a +0 hand axe.
You die...

#####
#...#
#.#.#
#.#.#
#.#.#
#.#.# #
#.#.# #.
#@#<#
#.######
#o###
#.......
o..
?#g......
.#...
.'....!..
#.#####
##l.....g
?
.........
.#
##.######
#.


You could see an orc priest and an orc.

Vanquished Creatures
  A gnoll (D:6)
  An adder (D:5)
  A dart slug (D:2)
  3 orcs
  2 ball pythons (D:2)
  2 endoplasms (D:2)
  A kobold (D:2)
  A bat (D:2)
  A rat (D:2)
13 creatures vanquished.

Notes
Turn   | Place    | Note
-------+----------+-------------------------------------------
     0 | D:1      | Bravepunisher the Spriggan Monk began the quest for the
                  | Orb.
     0 | D:1      | Reached XP level 1. HP: 11/11 MP: 2/2
    71 | D:2      | Found Heliak's Antique Weapon Shop.
   226 | D:2      | Reached XP level 2. HP: 16/16 MP: 3/3
   449 | D:4      | Found a sacrificial altar of Ru.
   449 | D:4      | Found a sparkling altar of Nemelex Xobeh.
   452 | D:4      | Found a hide-covered altar of Uskayaw.
   452 | D:4      | Found a broken altar of Ashenzari.
   452 | D:4      | Noticed a scorpion
   481 | D:5      | Entered Level 5 of the Dungeon
   522 | D:5      | Reached skill level 5 in Dodging
   654 | D:5      | Noticed a gnoll sergeant
   662 | D:6      | Identified a scroll of acquirement
   663 | D:6      | Acquired 782 gold pieces
   669 | D:6      | Reached XP level 3. HP: 10/19 MP: 4/4
   825 | D:5      | Found a bloodstained altar of Trog.
   845 | D:5      | Noticed Prince Ribbit
   853 | D:5      | Noticed a scorpion
   904 | D:6      | Slain by an orc

Illustrated notes

Levels and vault maps discovered:
D:1:      matt_arrival_spirals, layout_loops_ring, serial_shops, shop_statue,
          minmay_misc_feat_secret_circle
D:2:      layout_basic, serial_shops, shop
D:3:      layout_basic, riverfiend_overflow_shadow_ancestor,
          portal_sewer_entry_d, minmay_misc_feat_roman, uniq_natasha
D:4:      layout_loops_ring, chequers_temple_overflow_statue_of_worship,
          kennysheep_mini, minmay_ruptured
D:5:      layout_basic, old_standard_altar, uniq_crazy_yiuf_cottage,
          uniq_prince_ribbit1
D:6:      layout_basic, kb_lookout_dungeons_type, uniq_blork_the_orc,
          uniq_eustachio
D:7:      layout_loops_ring, minmay_temple_entry_mini_moons, serial_shops, shop,
          palyth_stone_intersect, serial_park_tiny_pond,
          kennysheep_small_square, uniq_joseph

Skill      XL: |  1  2 |
---------------+-------+-----
Dodging        | 5 |  5.2
Fighting       | |  2.8
Short Blades   | |  3.2

Action                     || total
---------------------------++-------
  Melee: Short sword       ||    76
         Punch             ||     2
    Use: Scroll            ||     3
         Potion            ||     1
   Stab: Sleeping          ||     1
         Distracted        ||     1
 Armour: Robe              ||    32
  Dodge: Dodged            ||    80

Table legend: (Time is in decaauts)
 A = Elapsed time spent in this place.
 B = Non-inter-level travel time spent in this place.
 C = Inter-level travel time spent in this place.
 D = Time resting spent in this place.
 E = Time spent auto-exploring this place.
 F = Levels seen in this place.
 G = Mean time per level.
                   A        B        C        D        E       F      G
               +--------+--------+--------+--------+--------+-----+--------+
         Total |    625 |    625 |      0 |      0 |    269 |   7 |   89.3 |
       Dungeon |    625 |    625 |      0 |      0 |    269 |   7 |   89.3 |
               +--------+--------+--------+--------+--------+-----+--------+

Top non-repeatable levels by time:
     D:5: 198 daAuts
     D:2: 197 daAuts
     D:6: 111 daAuts
     D:1: 45 daAuts
     D:4: 39 daAuts
     D:3: 30 daAuts
     D:7: 3 daAuts
